 Dungeon Crawl Stone Soup version 0.27-a0-920-gb2bd10914a (webtiles) character file.

Game seed: 11130089701031133086

363 mhtbhm the Cudgeller (level 6, -1/58 HPs)
             Began as a Gargoyle Berserker on Apr 9, 2021.
             Was a Believer of Trog.
             Slain by an ogre
             ... wielding a +0 giant club
              (21 damage)
             ... on level 5 of the Dungeon.
             The game lasted 00:04:24 (3963 turns).

mhtbhm the Cudgeller (Gargoyle Berserker)           Turns: 3963, Time: 00:04:24

Health: -1/58      AC: 16    Str: 23    XL:     6   Next: 67%
Magic:  6/6        EV:  6    Int:  7    God:    Trog [**....]
Gold:   181        SH:  3    Dex:  9    Spells: 5/5 levels left

rFire    + + .     SeeInvis .   a - +1 mace
rCold    + . .     Faith    .   u - +0 buckler
rNeg     + . .     Spirit   .   b - +0 plate armour
rPois    ∞         Reflect  .   (no helmet)
rElec    +         Harm     .   n - scarf {rC+ rF+}
rCorr    .         Rampage  .   (no gloves)
Will     .....                  (no boots)
Stlth    ..........             (no amulet)
HPRegen  0.19/turn              o - ring of protection from fire
MPRegen  0.10/turn              s - +4 ring of slaying

@: berserking, very quick
A: AC +4, negative energy resistance 1, electricity resistance, torment
resistance 1, unbreathing 1, petrification resistance
a: Renounce Religion, Berserk, Trog's Hand


You were on level 5 of the Dungeon.
You worshipped Trog.
Trog was pleased with you.
You visited 1 branch of the dungeon, and saw 5 of its levels.

You collected 181 gold pieces.

Inventory:

Hand Weapons
 a - a +1 mace (weapon)
Armour
 b - a +0 plate armour (worn)
 n - a scarf of resistance (worn)
 u - a +0 buckler (worn)
Jewellery
 o - a ring of protection from fire (left hand)
 s - a +4 ring of slaying (right hand)
Scrolls
 c - a scroll of fog
 d - 4 scrolls of teleportation
 e - a scroll of summoning
 f - a scroll of blinking
 g - a scroll of holy word {unknown}
 j - 2 scrolls of enchant weapon
 p - a scroll of silence {unknown}
Potions
 h - a potion of might
 i - 2 potions of cancellation
 k - 2 potions of curing {unknown}
 l - a potion of attraction {unknown}
 m - a potion of resistance {unknown}
 r - a potion of degeneration {unknown}
 v - 2 potions of heal wounds {unknown}
 w - a potion of haste {unknown}


   Skills:
 + Level 4.3 Fighting
 + Level 5.4 Maces & Flails
 + Level 3.5 Armour
 + Level 2.6 Dodging
 + Level 0.8 Stealth
 + Level 0.1 Shields


You had 5 spell levels left.
You didn't know any spells.
Your spell library was empty.

Dungeon Overview and Level Annotations

Branches:
Dungeon (5/15)
 Temple: D:4-7

Altars:
Ashenzari
Elyvilon
Fedhas
Makhleb
Nemelex Xobeh
Zin


Innate Abilities, Weirdness & Mutations

Your stone body is resilient. (AC +4)
You are immune to poison.
You resist negative energy. (rN+)
You are resistant to electric shocks. (rElec)
You are resistant to unholy torment.
You can survive without breathing.
You are immune to petrification.


Message History

The phantom is severely damaged.
The phantom hits you.
The phantom hits you but does no damage.
You thump the phantom!
You destroy the phantom!
Trog accepts your kill.
No target in view!
No target in view!
No target in view!
No target in view!
No target in view!
No target in view!
No target in view!
No target in view!
No target in view!
No target in view!
Found a spear.
You now have 181 gold pieces (gained 11).
You open the door.
There is an open door here.
As you open the door, it creaks loudly!
You hear a shout!
An ogre comes into view. It is wielding a +0 giant club.
The ogre shouts!
There is an open door here.
An ogre is nearby!
A bullfrog skeleton comes into view.
The ogre hits you with a +0 giant club!
You thump the ogre!
The ogre is moderately wounded.
The ogre hits you with a +0 giant club!
You are too injured to fight recklessly!
You are too injured to fight recklessly!
You are too injured to fight recklessly!
You are too injured to fight recklessly!
You are too injured to fight recklessly!
You are too injured to fight recklessly!
A red film seems to cover your vision as you go berserk!
You feel yourself moving faster!
You feel mighty!
The ogre hits you with a +0 giant club!!
You die...

'..'†....'.#.#...).........
####.....#.....###'####...#
# #.....#.#.#.##...# # #
#.....#.....##...# #
###########......# #
####...# # #...# #
#########'## .....ZO@..#
......##### ..... .... ...
.. .


You could see an ogre and a bullfrog skeleton.

Vanquished Creatures
  A phantom (D:5)
  A water moccasin skeleton (D:4)
  A hound (D:4)
  An iguana (D:4)
  An orc wizard (D:5)
  A hound skeleton (D:4)
  6 adders
  An ufetubus (D:4)
  5 worms
  3 dart slugs (D:2)
  6 orcs
  3 ball pythons
  6 bats
  9 endoplasms
  3 giant cockroaches
  3 hobgoblins
  3 jackals (D:1)
  3 kobolds (D:2)
  3 quokkas
  2 frilled lizards (D:3)
  6 goblins
  3 rats
71 creatures vanquished.

Vanquished Creatures (collateral kills)
  A rat (D:3)
1 creature vanquished.

Vanquished Creatures (others)
  A ball python (D:4)
1 creature vanquished.

Grand Total: 73 creatures vanquished

Notes
Turn   | Place    | Note
-------+----------+-------------------------------------------
     0 | D:1      | mhtbhm the Gargoyle Berserker began the quest for the Orb.
     0 | D:1      | Reached XP level 1. HP: 14/14 MP: 1/1
   360 | D:1      | Found a faded altar of an unknown god.
   551 | D:1      | Reached XP level 2. HP: 17/19 MP: 2/2
  1068 | D:1      | Found Vathiosary's Distillery.
  1195 | D:2      | Reached XP level 3. HP: 13/24 MP: 3/3
  1417 | D:2      | Reached XP level 4. HP: 26/29 MP: 4/4
  1419 | D:2      | Reached skill level 4 in Maces & Flails
  1707 | D:2      | Reached ** piety under Trog
  1813 | D:3      | Found a glowing silver altar of Zin.
  1830 | D:3      | Found a blossoming altar of Fedhas.
  2452 | D:4      | Found a burning altar of Makhleb.
  2455 | D:4      | Found a sparkling altar of Nemelex Xobeh.
  2554 | D:4      | Reached XP level 5. HP: 17/33 MP: 5/5
  2743 | D:4      | Reached skill level 5 in Maces & Flails
  2879 | D:4      | Reached XP level 6. HP: 38/38 MP: 6/6
  3018 | D:4      | Found a white marble altar of Elyvilon.
  3060 | D:4      | Found a broken altar of Ashenzari.
  3273 | D:4      | Identified the ring "Pougg" {+Blink rElec rF- Int+4 Dex+6}
  3652 | D:5      | Entered Level 5 of the Dungeon
  3963 | D:5      | Slain by an ogre

Illustrated notes

Levels and vault maps discovered:
D:1:      dpeg_arrival_arbitrary_c, layout_basic,
          shapermc_ecumenical_altar_totnotflames, serial_shops, shop
D:2:      layout_rooms, serial_park_tiny_pond, st_stairs_1, hex_tiny
D:3:      layout_rooms, chequers_temple_overflow_statue_of_worship
D:4:      layout_gridville, elyvilon_altar_4, grunt_temple_overflow_open,
          ashenzari_altar_1
D:5:      layout_basic, lemuel_crystal_altar, minmay_temple_entry_mini_moons,
          serial_glass, glass_columns_b, glass_columns_a

Skill      XL: |  1  2  3  4  5 |
---------------+----------------+-----
Maces & Flails | 4 5 |  5.4
Dodging        | 2 |  2.6
Fighting       | 4 |  4.3
Armour         | 3 |  3.5
Stealth        | |  0.8
Shields        | |  0.1

Action                   |  1- 3 |  4- 6 || total
-------------------------+-------+-------++-------
Melee: Mace              |    64 |   154 ||   218
Invok: Berserk           |     2 |     3 ||     5
  Use: Potion            |     1 |       ||     1
       Scroll            |       |     8 ||     8
 Stab: Distracted        |       |     1 ||     1
Armor: Animal skin       |    22 |    12 ||    34
       Ring mail         |       |    36 ||    36
       Chain mail        |       |    37 ||    37
       Plate armour      |       |    36 ||    36
Dodge: Dodged            |    49 |    98 ||   147
Block: Buckler           |       |     6 ||     6

Table legend: (Time is in decaauts)
 A = Elapsed time spent in this place.
 B = Non-inter-level travel time spent in this place.
 C = Inter-level travel time spent in this place.
 D = Time resting spent in this place.
 E = Time spent auto-exploring this place.
 F = Levels seen in this place.
 G = Mean time per level.
                   A        B        C        D        E       F      G
               +--------+--------+--------+--------+--------+-----+--------+
         Total |   4038 |   3951 |     87 |    617 |   2582 |   5 |  807.6 |
       Dungeon |   4038 |   3951 |     87 |    617 |   2582 |   5 |  807.6 |
               +--------+--------+--------+--------+--------+-----+--------+

Top non-repeatable levels by time:
     D:4: 1377 daAuts
     D:1: 1130 daAuts
     D:2: 653 daAuts
     D:3: 559 daAuts
     D:5: 316 daAuts
